 Dungeon Crawl Stone Soup version 0.31-a0-538-gbc85326fa9 (webtiles) character file.

Game seed: 15424991580769418247

75 bobarctor the Trooper (level 4, -1/33 (35) HPs)
             Began as a Demonspawn Monk on Aug 13, 2023.
             Slain by an orc
             ... wielding a +2 short sword of draining
              (3 damage)
             ... on level 3 of the Dungeon.
             The game lasted 00:06:11 (1173 turns).

bobarctor the Trooper (Demonspawn Monk)             Turns: 1173, Time: 00:06:13

HP:   -1/33 (35)    AC:  2    Str: 11    XL:     4   Next: 11%
MP:   5/5           EV: 13    Int: 14    God:
Gold: 85            SH:  0    Dex: 15    Spells: 3/5 levels left

rFire   . . .        a - +0 mace
rCold   . . .        d - orb {light}
rNeg    . . .        b - +0 robe
rPois   .            (no helmet)
rElec   .            (no cloak)
rCorr   .            (no gloves)
SInv    .            (no boots)
Will    .....        (no amulet)
Stlth   +            (no ring)
HPRegen 0.25/turn    (no ring)
MPRegen 0.09/turn

%: no passive effects
@: glowing, drained
A: demonic touch 2
a: no special abilities


You were on level 3 of the Dungeon.
You visited 1 branch of the dungeon, and saw 3 of its levels.

You collected 85 gold pieces.

Inventory:

Hand Weapons
 a - a +0 mace (weapon)
Missiles
 e - 12 stones (quivered)
Armour
 b - a +0 robe (worn)
 d - an orb of light (worn)
Scrolls
 f - 2 scrolls of noise {unknown}
 g - a scroll of enchant weapon {unknown}
 h - a scroll of identify {unknown}
 j - a scroll of teleportation {unknown}
Potions
 c - a potion of ambrosia
 i - a potion of heal wounds {unknown}


   Skills:
 + Level 3.4 Fighting
 + Level 3.3 Maces & Flails
 + Level 3.2 Dodging
 * Level 1.2 Spellcasting
 * Level 0.8 Translocations


You had 3 spell levels left.
You knew the following spells:

 Your Spells              Type           Power      Damage    Failure   Level
a - Blink                 Tloc           6%         N/A       28%         2

Your spell library contained the following spells:

 Spells                   Type           Power      Damage    Failure   Level
 Lesser Beckoning         Tloc           6%         N/A       28%         2
 Momentum Strike          Conj/Tloc      4%         3d8       32%         2
 Volatile Blastmotes      Fire/Tloc      4%         2d10      54%         3
 Dazzling Flash           Conj/Hex       0%         N/A       61%         3
 Starburst                Conj/Fire      0%         6d3       100%        6
 Maxwell's Capacitive Co  Air            0%         ∞         100%        8


Dungeon Overview and Level Annotations

Branches:
Dungeon (3/15)

Altars:

Shops:
D:1 [*(


Innate Abilities, Weirdness & Mutations

Your touch may inflict irresistible damage on your foes.


Message History

You have reached level 4!
You feel clever.
You hit the goblin.
You kill the goblin!
The orc barely misses you.
The orc shouts!
You hit the orc.
The orc is heavily wounded.
The orc barely misses you. The orc hits you with a +0 club.
You hit the orc.
The orc is almost dead.
The orc closely misses you. The orc hits you with a +0 club.
You hit the orc.
You kill the orc!
The orc barely misses you.
You hit the orc.
The orc is heavily wounded.
The orc misses you.
You hit the orc.
You kill the orc!
The orc closely misses you. x2
You hit the orc.
The orc is lightly wounded.
The orc barely misses you. x2
You hit the orc.
The orc is moderately wounded.
The orc barely misses you. x2
You hit the orc but do no damage.
The orc is moderately wounded.
The orc hits you with a +0 war axe.
* * * LOW HITPOINT WARNING * * *
The orc closely misses you.
You hit the orc.
You kill the orc!
The orc hits you with a +2 short sword of draining.
* * * LOW HITPOINT WARNING * * *
You feel drained.
* * * LOW HITPOINT WARNING * * *
The orc hits you with a +2 short sword of draining.
You die...

##.. ..# #.# #####.##
########......##
#..............#
#..<......##...# #####.o
#.........##...###g......
#........@##......o......
#.......#)o......#.......
#.......#......#.######..
#.......##.#.###.#
##########.#..##.#
#.##.##.# #.# .##.# ...
....# ... .##


You could see an orc.

Vanquished Creatures
  An orc priest (D:3)
  4 dart slugs
  3 orcs (D:3)
  2 bats (D:1)
  5 endoplasms
  A giant cockroach (D:1)
  3 goblins
  A hobgoblin (D:1)
  4 jackals (D:1)
  A quokka (D:1)
  4 frilled lizards
  5 kobolds
  2 rats (D:1)
36 creatures vanquished.

Notes
Turn   | Place    | Note
-------+----------+-------------------------------------------
     0 | D:1      | bobarctor the Demonspawn Monk began the quest for the Orb.
     0 | D:1      | Reached XP level 1. HP: 18/18 MP: 1/1
    56 | D:1      | Gained mutation: Your touch may inflict minor irresistible
                  | damage on your foes. [demonic ancestry]
    56 | D:1      | Reached XP level 2. HP: 19/24 MP: 2/2
   128 | D:1      | Found Xuryaq's Antique Weapon Emporium.
   144 | D:1      | Found Eshyjown's General Store.
   747 | D:1      | Found Pujempip's Armour Emporium.
   758 | D:1      | Gained mutation: Your touch may inflict irresistible damage
                  | on your foes. [demonic ancestry]
   758 | D:1      | Reached XP level 3. HP: 23/29 MP: 4/4
   900 | D:1      | Learned a level 2 spell: Blink
   964 | D:2      | Reached skill level 1 in Spellcasting
  1164 | D:3      | Reached XP level 4. HP: 16/35 MP: 5/5
  1173 | D:3      | Slain by an orc

Illustrated notes

Levels and vault maps discovered:
D:1:      lemuel_arrival_behind_the_door_large, layout_loops_ring, serial_shops,
          nicolae_shop_tiny_waterfront, shop, nicolae_square_shop
D:2:      layout_loops_ring, uniq_terence
D:3:      layout_loops_cross, mainiacjoe_overflow_catwalk,
          overflow_temple_1_default, hex_large, hangedman_abyss_or_decor_stabs

Skill      XL: |  1  2  3 |
---------------+----------+-----
Maces & Flails | 3 |  3.3
Dodging        | 3 |  3.2
Spellcasting   | 1 |  1.2
Fighting       | |  3.4
Translocations | |  0.8

Action                     |  1- 3 |  4- 6 || total
---------------------------+-------+-------++-------
  Melee: Mace              |    85 |    10 ||    95
  Throw: Stone             |     4 |       ||     4
 Armour: Robe              |     9 |       ||     9
  Dodge: Dodged            |    46 |    12 ||    58

Table legend: (Time is in decaauts)
 A = Elapsed time spent in this place.
 B = Non-inter-level travel time spent in this place.
 C = Inter-level travel time spent in this place.
 D = Time resting spent in this place.
 E = Time spent auto-exploring this place.
 F = Levels seen in this place.
 G = Mean time per level.
                   A        B        C        D        E       F      G
               +--------+--------+--------+--------+--------+-----+--------+
         Total |   1195 |   1141 |     54 |    256 |    590 |   3 |  398.3 |
       Dungeon |   1195 |   1141 |     54 |    256 |    590 |   3 |  398.3 |
               +--------+--------+--------+--------+--------+-----+--------+

Top non-repeatable levels by time:
     D:1: 955 daAuts
     D:3: 133 daAuts
     D:2: 106 daAuts
